 Dungeon Crawl Stone Soup version 0.29-a0-902-g0f71de6fce (webtiles) character file.

Game seed: 17992379206551602669

28 pyramidscheme the Grave Robber (level 2, 0/24 HPs)
             Began as a Deep Dwarf Necromancer on Oct 11, 2020.
             Was an Initiate of Yredelemnul.
             Slain by Terence
             ... wielding a +0 falchion
              (2 damage)
             ... on level 3 of the Dungeon on Jan 26, 2023.
             The game lasted 00:18:10 (4048 turns).

pyramidscheme the Grave Robber (DDNe)               Turns: 4048, Time: 00:18:11

Health: 0/24       AC:  6    Str: 11    XL:     2   Next: 96%
Magic:  4/4        EV: 10    Int: 15    God:    Yredelemnul [......]
Gold:   72         SH:  3    Dex: 13    Spells: 3/4 levels left

rFire   . . .      SeeInvis .   d - +0 hand axe
rCold   . . .      Faith    .   f - +0 buckler
rNeg    . . .      Spirit   .   b - +0 ring mail
rPois   .          Reflect  .   n - +0 helmet
rElec   .          Harm     .   (no cloak)
rCorr   .          Rampage  .   (no gloves)
Will    .....                   (no boots)
Stlth   +.........              (no amulet)
HPRegen 0.00/turn               (no ring)
MPRegen 0.09/turn               (no ring)

@: no status effects
A: damage resistance, heal wounds, sense surroundings 1, no regeneration
a: Heal Wounds, Renounce Religion, Recall Undead Harvest


You were on level 3 of the Dungeon.
You worshipped Yredelemnul.
Yredelemnul was noncommittal.
You visited 1 branch of the dungeon, and saw 3 of its levels.

You collected 72 gold pieces.

Inventory:

Hand Weapons
 d - a +0 hand axe (weapon)
 e - a +0 short sword
 g - a -3 spear {pp long}
 m - a +0 spear
Missiles
 c - 19 sling bullets
 k - 36 stones (quivered)
 l - 4 atropa-tipped darts
Armour
 b - a +0 ring mail (worn)
 f - a +0 buckler (worn)
 n - a +0 helmet (worn)
Scrolls
 a - a scroll of identify {unknown}
 h - a scroll of magic mapping {unknown}
 i - 2 scrolls of noise {unknown}
 j - a scroll of torment {unknown}


   Skills:
 + Level 0.6 Fighting
 + Level 0.3 Axes
 + Level 1.2 Armour
 + Level 2.8 Dodging
 + Level 2.6 Stealth
 + Level 0.2 Unarmed Combat
 + Level 1.9 Spellcasting
 + Level 4.3 Necromancy


You had 3 spell levels left.
You knew the following spells:

 Your Spells              Type           Power      Damage    Failure   Level
a - Pain                  Necr           56%        1d6       12%         1

Your spell library contained the following spells:

 Spells                   Type           Power      Damage    Failure   Level
 Animate Skeleton         Necr           28%        N/A       12%         1
 Vampiric Draining        Necr           14%        2d7       36%         3
 Conjure Flame            Conj/Fire      1%         6-21      92%         3
 Agony                    Necr           14%        N/A       98%         5
 Hailstorm                Conj/Ice       1%         3d3       100%        4
 Iskenderun's Battlesphe  Conj           1%         2d6       100%        5
 Necromutation            Tmut/Necr      3%         N/A       100%        8
 Animate Dead             Necr           Unusable   N/A       N/A         4

Dungeon Overview and Level Annotations

Branches:
Dungeon (3/15)

Altars:
Okawaru
Yredelemnul

Shops:
D:2 (

Annotations:
D:3 Terence


Innate Abilities, Weirdness & Mutations

You are resistant to damage.
You can heal yourself by infusing magical energy.
You passively map a small area around you.
You do not regenerate.


Message History

There are no items here.
Terence the Incautious comes into view.
He is wielding a +0 falchion.
Terence shouts!
Terence says, "Did you write a will?
You should..."
An orc comes into view. It is wielding a +0 dagger.
The orc shouts!
You block Terence's attack.
You barely miss Terence. You block Terence's attack.
You hit Terence but do no damage. Terence barely misses you.
An orc wizard comes into view. It is wielding a +1 dagger of venom.
You hit Terence but do no damage. You hit the orc but do no damage.
An orc comes into view. It is wielding a +0 club.
The orc wizard mumbles some strange words.
The orc wizard flickers and vanishes!
Deactivating autopickup; reactivate with Ctrl-A.
The orc hits you with a +0 dagger. Terence hits you with a +0 falchion.
You barely miss Terence. You hit the orc. Terence hits you with a +0 falchion.
The orc barely misses you. x2; Terence hits you with a +0 falchion.
* * * LOW HITPOINT WARNING * * *
You barely miss Terence. You hit the orc but do no damage.
Terence hits you with a +0 falchion. The orc hits you but does no damage.
You hit Terence.
Terence is lightly wounded.
You hit the orc but do no damage. Terence shouts, "Now you die!"
Terence hits you with a +0 falchion. The orc hits you with a +0 dagger.
* * * LOW HITPOINT WARNING * * *
You hit Terence but do no damage.
Terence is lightly wounded.
You hit the orc but do no damage. Terence hits you with a +0 falchion.
* * * LOW HITPOINT WARNING * * *
You block the orc's attack. Terence barely misses you.
You hit Terence but do no damage.
Terence is lightly wounded.
You hit the orc but do no damage. The orc closely misses you.
Terence hits you with a +0 falchion.
Bones file is buggy: /crawl-master/crawl-git/saves/bones/bones.store.D-3 Clearing bad bones file: /crawl-master/crawl-git/saves/bones/bones.store.D-3 You die...
Your body rises from the dead as a mindless zombie.

* #........_....#
,##.##.♣.♣.♣.♣.# *
#.##.##.........#
*
........#.♣.♣.#.#
,####+##.........#
, ** ########..# ,
* ##.# , ,,
####..### , , ,
#....@@.# , *,
,,,,
+.....o.o....., ,
,, ##.......###.#
#.......# * , * ,
, #.......# , ,
#.......# * *
#.......# ,
####.####


You could see Terence and 2 orcs.

Vanquished Creatures
  An adder (D:3)
  2 endoplasms
  4 bats (D:1)
  A giant cockroach (D:1)
  A hobgoblin (D:1)
  A ball python (D:2)
  A frilled lizard (D:1)
  A kobold (D:1)
  3 rats
15 creatures vanquished.

Vanquished Creatures (others)
  3 plants (D:1)
3 creatures vanquished.

Grand Total: 18 creatures vanquished

Notes
Turn   | Place    | Note
-------+----------+-------------------------------------------
     0 | D:1      | pyramidscheme the Deep Dwarf Necromancer began the quest
                  | for the Orb.
     0 | D:1      | Reached XP level 1. HP: 15/15 MP: 3/3
  3253 | D:1      | Reached XP level 2. HP: 19/24 MP: 4/4
  3549 | D:1      | Upgraded the game from 0.26-a0-663-g36e8fdb655 to
                  | 0.29-a0-902-g0f71de6fce
  3657 | D:2      | Found Leruduc's Antique Weapon Emporium.
  3911 | D:3      | Reached skill level 1 in Armour
  3911 | D:3      | Found a basalt altar of Yredelemnul.
  3949 | D:3      | Became a worshipper of Yredelemnul the Dark
  4002 | D:3      | Found an iron altar of Okawaru.
  4015 | D:3      | Got Molel's Disquisition on Changed Bolts
  4034 | D:3      | Noticed Terence
  4048 | D:3      | Slain by Terence

Illustrated notes

Levels and vault maps discovered:
D:1:      kilobyte_arrival_exit_the_forest, layout_basic
D:2:      layout_rooms, serial_shops, shop
D:3:      layout_loops_corners, nicolae_sif_muna_condensation,
          nicolae_ru_awakened_eye, okawaru_trees_1,
          mainiacjoe_overflow_concentric_impassable, uniq_jessica, uniq_terence

Skill      XL: |  1  2 |
---------------+-------+-----
Armour         | 1 |  1.2
Fighting       | |  0.6
Axes           | |  0.3
Dodging        | |  2.8
Stealth        | |  2.6
Unarmed Combat | |  0.2
Spellcasting   | |  1.9
Necromancy     | |  4.3

Action                   || total
-------------------------++-------
Melee: Unarmed           ||    99
       Hand axe          ||    53
       Spear             ||     6
Invok: Recall Undead Har ||     1
  Use: Scroll            ||     2
       Potion            ||     2
 Stab: Sleeping          ||     1
Armor: Ring mail         ||   118
Dodge: Dodged            ||   193
Block: Buckler           ||     3

Table legend: (Time is in decaauts)
 A = Elapsed time spent in this place.
 B = Non-inter-level travel time spent in this place.
 C = Inter-level travel time spent in this place.
 D = Time resting spent in this place.
 E = Time spent auto-exploring this place.
 F = Levels seen in this place.
 G = Mean time per level.
                   A        B        C        D        E       F      G
               +--------+--------+--------+--------+--------+-----+--------+
         Total |   4064 |   3466 |    598 |   2918 |     12 |   3 | 1354.7 |
       Dungeon |   4064 |   3466 |    598 |   2918 |     12 |   3 | 1354.7 |
               +--------+--------+--------+--------+--------+-----+--------+

Top non-repeatable levels by time:
     D:1: 3613 daAuts
     D:2: 265 daAuts
     D:3: 186 daAuts
